 Dungeon Crawl Stone Soup version 0.23-a0-650-ga4d50d4 (console) character file.

137 Duffy the Firebug (level 5, 40/41 HPs)
             Began as a Demonspawn Fire Elementalist on Jan 2, 2019.
             Quit the game on level 3 of the Dungeon.
             The game lasted 00:02:25 (2629 turns).

Duffy the Firebug (Demonspawn Fire Elementalist)    Turns: 2629, Time: 00:02:25

Health: 40/41      AC:  3    Str:  8    XL:     5   Next: 0%
Magic:  9/9        EV: 12    Int: 18    God:
Gold:   130        SH:  0    Dex: 13    Spells: 8/9 levels left

rFire    . . .     SeeInvis .   k - +2 dagger (venom)
rCold    . . .     Gourm    .   (no shield)
rNeg     . . .     Faith    .   a - +0 robe
rPois    .         Spirit   .   (helmet restricted)
rElec    .         Reflect  .   (no cloak)
rCorr    .         Harm     .   b - +0 pair of gloves
MR       .....                  (no boots)
Stlth    ++........             (no amulet)
HPRegen  1.13/turn              (no ring)
MPRegen  0.11/turn              (no ring)

@: no status effects
A: horns 1, demonic guardian 1, powered by death 1
a: no special abilities


You were on level 3 of the Dungeon.
You were not hungry.

You visited 1 branch of the dungeon, and saw 3 of its levels.

You collected 130 gold pieces.

Inventory:

Hand Weapons
 d - a +0 dagger
 f - a +1 dagger of draining
 k - a +2 dagger of venom (weapon)
Armour
 a - a +0 robe (worn)
 b - a +0 pair of gloves (worn)
Wands
 n - a wand of scattershot (7)
Scrolls
 e - a scroll of remove curse {unknown}
 g - 3 scrolls of identify {unknown}
 i - 3 scrolls of fear {unknown}
 j - a scroll of amnesia {unknown}
 l - 2 scrolls of magic mapping {unknown}
Potions
 h - a potion of lignification {unknown}
 m - a potion of ambrosia {unknown}
 o - 2 potions of haste {unknown}
 p - a potion of flight {unknown}
 q - a potion of heal wounds {unknown}
Comestibles
 c - 5 rations
 r - 4 chunks of flesh


   Skills:
 + Level 3.1 Fighting
 - Level 1.7 Dodging
 - Level 1.7 Stealth
 - Level 2.7 Spellcasting
 - Level 2.0 Conjurations
 - Level 3.2 Fire Magic


You had 8 spell levels left.
You knew the following spells:

 Your Spells              Type           Power        Failure   Level  Hunger
h - Flame Tongue          Conj/Fire      ##...        5%          1    #......

Your spell library contained the following spells:

 Spells                   Type           Power        Failure   Level  Hunger
 Throw Flame              Conj/Fire      ##....       9%          2    ##.....
 Conjure Flame            Conj/Fire      ##......     17%         3    ###....
 Inner Flame              Hex/Fire       #.......     26%         3    ###....
 Sticky Flame             Conj/Fire      ##......     50%         4    #####..
 Fireball                 Conj/Fire      ##........   83%         5    ######.


Dungeon Overview and Level Annotations

Branches:
Dungeon (3/15)

Altars:


Innate Abilities, Weirdness & Mutations

You have a pair of small horns on your head.
A weak demonic guardian rushes to your aid.
You regenerate a little health from kills.


Message History

A rat and a worm come into view.
The rat moves out of view.
The goblin hits you.
An orc comes into view. It is wielding a +0 falchion.
The orc shouts!
You hit the goblin.
The goblin is poisoned.
The goblin is heavily wounded.
An orc comes into view.
The goblin misses you.
The orc shouts!
You hit the goblin but do no damage.
The goblin is heavily wounded.
You hear a shout!
The goblin barely misses you.
You hit the goblin.
You kill the goblin!
You have reached level 5!
Your demonic ancestry asserts itself...
You feel the presence of a demonic guardian.
Are you sure you want to abandon this character and quit the game? (Confirm

#.# #.# .
#.# .. #.#
... #.#
....###.###
..........#
..(.......#
##.o..r@..#
#.o...%..#
#.....w..#
##.........
#.......###
#.......#
#.......#
#.......#


You could see a worm, 2 orcs and a rat.

Vanquished Creatures
  An orc priest (D:3)
  An orc wizard (D:3)
  An adder (D:3)
  An ooze (D:2)
  3 worms (D:2)
  3 dart slugs
  A leopard gecko (D:1)
  3 orcs (D:2)
  2 ball pythons
  2 giant cockroaches
  6 goblins
  10 hobgoblins (D:1)
  7 bats
  3 frilled lizards
  2 kobolds (D:1)
  4 rats (D:1)
50 creatures vanquished.

Notes
Turn   | Place    | Note
-------+----------+-------------------------------------------
     0 | D:1      | Duffy the Demonspawn Fire Elementalist began the quest for
                  | the Orb.
     0 | D:1      | Reached XP level 1. HP: 13/13 MP: 3/3
   240 | D:1      | Gained mutation: You regenerate a little health from kills.
                  | [demonic ancestry]
   240 | D:1      | Reached XP level 2. HP: 11/19 MP: 0/5
   722 | D:1      | Gained mutation: You have a pair of small horns on your
                  | head. [demonic ancestry]
   722 | D:1      | Reached XP level 3. HP: 13/24 MP: 3/6
  1989 | D:2      | Reached skill level 1 in Fighting
  2368 | D:2      | Reached XP level 4. HP: 28/32 MP: 8/8
  2628 | D:3      | Gained mutation: A weak demonic guardian rushes to your
                  | aid. [demonic ancestry]
  2628 | D:3      | Reached XP level 5. HP: 39/41 MP: 9/9
  2629 | D:3      | Quit the game

Vault maps used:
D:1:      dpeg_arrival_houses_and_road, moated_statue
D:2:      wander_river, first_ration
D:3:      chequers_serial_rivers_marsh, mrwooster_statue_mirror, uniq_terence

Skill      XL: |  1  2  3  4 |
---------------+-------------+-----
Fire Magic     | 3 |  3.2
Conjurations   | 2 |  2.0
Fighting       | 1 3 |  3.1
Dodging        | |  1.7
Stealth        | |  1.7
Spellcasting   | |  2.7

Action                   |  1- 3 |  4- 6 || total
-------------------------+-------+-------++-------
Melee: Dagger            |    86 |    18 ||   104
       Headbutt          |     7 |     2 ||     9
 Cast: Flame Tongue      |    18 |       ||    18
 Stab: Sleeping          |     5 |       ||     5
  Eat: Chunk             |     5 |     1 ||     6
Armor: Robe              |    22 |     3 ||    25
Dodge: Dodged            |    48 |     8 ||    56

Table legend:
 A = Non-vault XP
 B = Vault XP
 C = Vault XP percentage of total XP
 D = Non-vault monster count
 E = Vault monster count
 F = Vault count percentage of total count
                 A         B        C        D         E       F
            +---------+---------+-------+---------+---------+-------
      Total |     196 |       0 |   0.0 |      50 |       0 |   0.0
            +---------+---------+-------+---------+---------+-------
        D:1 |      52 |       0 |   0.0 |      32 |       0 |   0.0
        D:2 |      44 |       0 |   0.0 |      12 |       0 |   0.0
        D:3 |     100 |       0 |   0.0 |       6 |       0 |   0.0
            +---------+---------+-------+---------+---------+-------
